 Dungeon Crawl Stone Soup version 0.26-a0-682-g294304f6e8 (webtiles) character file.

Game seed: 17897490690032557058

63 Asdor the Covert (level 4, -5/41 HPs)
             Began as a Gnoll Delver on Oct 21, 2020.
             Was an Initiate of Ashenzari.
             Slain by a bullfrog (7 damage)
             ... in a sewer.
             The game lasted 00:03:29 (612 turns).

Asdor the Covert (Gnoll Delver)                      Turns: 612, Time: 00:03:29

Health: -5/41      AC:  3    Str: 14    XL:     4   Next: 9%
Magic:  5/5        EV: 14    Int: 13    God:    Ashenzari [......]
Gold:   11         SH:  0    Dex: 17    Spells: 5/5 levels left

rFire    . . .     SeeInvis .   a - +0 spear
rCold    . . .     Faith    .   (no shield)
rNeg     . . .     Spirit   .   b - +0 leather armour
rPois    .         Reflect  .   (no helmet)
rElec    .         Harm     .   (no cloak)
rCorr    .         Rampage  .   (no gloves)
MR       .....                  (no boots)
Stlth    ++++......             (no amulet)
HPRegen  0.13/turn              (no ring)
MPRegen  0.09/turn              (no ring)

@: flying, hasted, very quick
A: distributed training, fangs 1, strong nose
a: Curse Item, Renounce Religion


You were in a sewer.
You worshipped Ashenzari.
Ashenzari was noncommittal.
You visited 1 branch of the dungeon, and saw 1 of its levels.
You also visited: Sewer.

You collected 11 gold pieces.

Inventory:

Hand Weapons
 a - a +0 spear (weapon)
Armour
 b - a +0 leather armour (worn)
 j - a +0 buckler
Wands
 d - a wand of iceblast (7)
 g - a wand of digging (2)
Scrolls
 c - a scroll of fog
Potions
 h - a potion of flight
 i - a potion of might {unknown}


   Skills:
 + Level 6.6 Fighting
 + Level 1.0 Short Blades
 + Level 1.0 Long Blades
 + Level 1.0 Axes
 + Level 1.0 Maces & Flails
 + Level 4.6 Polearms
 + Level 1.0 Staves
 + Level 1.0 Slings
 + Level 1.0 Bows
 + Level 1.0 Crossbows
 + Level 1.0 Throwing
 + Level 1.0 Armour
 + Level 4.6 Dodging
 + Level 9.6 Stealth
 + Level 1.0 Shields
 + Level 1.0 Unarmed Combat
 + Level 1.0 Spellcasting
 + Level 0.8 Conjurations
 + Level 0.8 Hexes
 + Level 0.8 Summonings
 + Level 0.8 Necromancy
 + Level 0.8 Translocations
 + Level 0.8 Transmutations
 + Level 0.8 Fire Magic
 + Level 0.8 Ice Magic
 + Level 0.8 Air Magic
 + Level 0.8 Earth Magic
 + Level 0.8 Poison Magic
 + Level 1.1 Invocations
 + Level 1.0 Evocations


You had 5 spell levels left.
You didn't know any spells.
Your spell library was empty.

Dungeon Overview and Level Annotations

Branches:
Dungeon (5/15)              Sewer (1/1)
 Temple: D:4-7

Altars:
Ashenzari


Innate Abilities, Weirdness & Mutations

Your experience applies equally to all skills.
You have very sharp teeth.
Your uncanny sense of smell can sniff out nearby items.


Message History

The bullfrog is moderately wounded.
The bullfrog hits you. The bullfrog completely misses you.
The leopard gecko bites you.
* * * LOW HITPOINT WARNING * * *
The bullfrog misses you. x2
You feel yourself speed up. The leopard gecko barely misses you.
The bullfrog closely misses you. The bullfrog hits you!
* * * LOW HITPOINT WARNING * * *
Okay, then.
The bullfrog barely misses you. The bullfrog hits you.
* * * LOW HITPOINT WARNING * * *
The leopard gecko splashes around in the water.
It was a potion of flight.
You feel very buoyant.
You fly up into the air.
The bullfrog closely misses you. The bullfrog completely misses you.
The leopard gecko splashes around in the water.
Okay, then.
The bullfrog hits you!
You die...

≈≈≈≈≈≈†≈≈≈.######## ≈≈≈.########
≈≈≈≈############################
≈≈≈≈.≈≈........................##
≈≈≈≈≈≈≈≈≈≈≈≈≈≈≈≈≈≈≈≈≈≈≈≈≈≈≈≈≈≈..#
≈≈≈≈≈≈≈≈≈≈≈≈≈≈≈≈≈≈≈≈≈≈≈≈≈≈≈≈≈≈≈.#
≈≈≈≈≈≈≈≈≈≈≈≈≈≈≈≈≈≈≈≈≈≈≈≈≈≈≈≈≈≈≈.#
≈≈≈≈≈..........≈≈≈≈≈≈≈≈≈≈..≈≈≈≈.#
≈≈≈≈#######≈≈≈≈≈@F≈≈≈≈≈≈≈≈≈.≈≈≈.#
≈≈≈≈# #≈≈≈≈≈≈≈F≈≈≈≈≈≈≈≈≈≈.≈≈≈≈#
≈≈≈.# #≈≈≈≈≈≈≈≈≈l≈≈≈≈≈≈≈≈≈≈≈≈.#
≈≈≈.# #≈≈≈≈≈≈≈≈≈≈.≈.≈≈≈≈≈≈≈≈≈≈≈#
≈≈≈≈# #≈≈≈≈≈≈≈≈)≈≈..≈≈≈≈≈≈≈≈≈≈.#
l≈≈.# #≈≈≈≈≈≈.$()≈≈..≈≈≈≈≈≈≈≈≈≈#
≈≈≈≈# #≈≈≈≈≈≈≈.!.≈..≈≈≈≈≈≈≈≈≈≈≈#
≈≈≈≈# #≈≈≈≈≈≈≈≈.≈≈≈..≈≈≈≈≈≈≈≈≈≈#
≈≈≈≈# ##≈≈≈≈≈≈≈≈≈≈≈≈∩≈≈≈≈#≈≈≈≈≈#


You could see 2 bullfrogs and a leopard gecko.

Vanquished Creatures
  5 adders
  A leopard gecko (Sewer)
  3 ball pythons (Sewer)
  6 giant cockroaches (Sewer)
  3 frilled lizards (Sewer)
18 creatures vanquished.

Notes
Turn   | Place    | Note
-------+----------+-------------------------------------------
     0 | D:5      | Reached skill level 9 in Stealth
     0 | D:5      | Asdor the Gnoll Delver began the quest for the Orb.
     0 | D:5      | Reached XP level 1. HP: 23/23 MP: 1/1
    24 | D:5      | Found a broken altar of Ashenzari.
    33 | D:5      | Became a worshipper of Ashenzari the Shackled
    91 | D:5      | Found a glowing drain.
   151 | D:5      | Reached XP level 2. HP: 29/29 MP: 2/2
   151 | D:5      | Reached XP level 3. HP: 35/35 MP: 3/3
   151 | D:5      | Reached skill level 1 in Invocations
   156 | Sewer    | Entered a sewer
   336 | Sewer    | Reached skill level 1 in Short Blades
   336 | Sewer    | Reached skill level 1 in Long Blades
   336 | Sewer    | Reached skill level 1 in Axes
   336 | Sewer    | Reached skill level 1 in Maces & Flails
   336 | Sewer    | Reached skill level 1 in Staves
   336 | Sewer    | Reached skill level 1 in Slings
   336 | Sewer    | Reached skill level 1 in Bows
   336 | Sewer    | Reached skill level 1 in Crossbows
   336 | Sewer    | Reached skill level 1 in Throwing
   336 | Sewer    | Reached skill level 1 in Armour
   336 | Sewer    | Reached skill level 1 in Shields
   336 | Sewer    | Reached skill level 1 in Unarmed Combat
   336 | Sewer    | Reached skill level 1 in Spellcasting
   336 | Sewer    | Reached skill level 1 in Evocations
   389 | Sewer    | Reached XP level 4. HP: 29/41 MP: 5/5
   594 | Sewer    | Noticed a bullfrog
   601 | Sewer    | Noticed a bullfrog
   609 | Sewer    | HP: 2/41 [bullfrog (3)]
   612 | Sewer    | Slain by a bullfrog

Illustrated notes

Levels and vault maps discovered:
D:5:      layout_loops_corners, nicolae_overflow_crystal_walls,
          gup_sewer_entry_glass, bloody_makhleb, uniq_grinder
Sewer:    sewer_frog_island_01

Skill      XL: |  1  2  3 |
---------------+----------+-----
Stealth        | |  9.6
Invocations    | 1 |  1.1
Short Blades   | 1 |  1.0
Long Blades    | 1 |  1.0
Axes           | 1 |  1.0
Maces & Flails | 1 |  1.0
Staves         | 1 |  1.0
Slings         | 1 |  1.0
Bows           | 1 |  1.0
Crossbows      | 1 |  1.0
Throwing       | 1 |  1.0
Armour         | 1 |  1.0
Shields        | 1 |  1.0
Unarmed Combat | 1 |  1.0
Spellcasting   | 1 |  1.0
Evocations     | 1 |  1.0
Fighting       | |  6.6
Polearms       | |  4.6
Dodging        | |  4.6
Conjurations   | |  0.8
Hexes          | |  0.8
Summonings     | |  0.8
Necromancy     | |  0.8
Translocations | |  0.8
Transmutations | |  0.8
Fire Magic     | |  0.8
Ice Magic      | |  0.8
Air Magic      | |  0.8
Earth Magic    | |  0.8
Poison Magic   | |  0.8

Action                   |  1- 3 |  4- 6 || total
-------------------------+-------+-------++-------
Melee: Spear             |    80 |    12 ||    92
       Bite              |     2 |     1 ||     3
       Punch             |     1 |       ||     1
Evoke: Wand              |     2 |       ||     2
  Use: Scroll            |     2 |       ||     2
       Potion            |       |     2 ||     2
 Stab: Distracted        |     1 |       ||     1
Armor: Leather armour    |    19 |     2 ||    21
Dodge: Dodged            |    58 |    28 ||    86

Table legend: (Time is in decaauts)
 A = Elapsed time spent in this place.
 B = Non-inter-level travel time spent in this place.
 C = Inter-level travel time spent in this place.
 D = Time resting spent in this place.
 E = Time spent auto-exploring this place.
 F = Levels seen in this place.
 G = Mean time per level.
                   A        B        C        D        E       F      G
               +--------+--------+--------+--------+--------+-----+--------+
         Total |    653 |    653 |      0 |     49 |    282 |   2 |  326.5 |
       Dungeon |    157 |    157 |      0 |      0 |      0 |   1 |  157.0 |
         Sewer |    496 |    496 |      0 |     49 |    282 |   1 |  496.0 |
               +--------+--------+--------+--------+--------+-----+--------+

Top non-repeatable levels by time:
   Sewer: 496 daAuts
     D:5: 157 daAuts
